Match 46227757
Unlisted

Match 46227757
End
Selects Terror Battlegroup
Construct Infanterie Kompanie
MG 42 Machine Gun Team
MG 42 Machine Gun Team
Grenadier Squad
GrW 34 Mortar Team
Infanterie Officer Quarters
Medical Station
Construct Panzergrenadier Kompanie
Selects Contempt for the Weak
Pak 40 Anti-tank Gun Team
Support Elements
Nebelwerfer 42 Rocket Launcher Team
Selects Machine Gun Camouflage
Selects Machine Gun Camouflage
Construct Panzer Kompanie
Stoßtruppen Squad
Selects Jericho Trumpet
Panzer IV Medium Tank
Panzer IV Medium Tank
Panzer Officer Quarters
Side Skirts
Selects V1 Rocket Strike
Panzer IV Medium Tank
V1 Rocket Strike
Pioneer Squad
[EC] Slip~Slide
[EC] tribecalledbrett
[EC] Comrade Sniper
Dark Lord Cthulhu
mognats
Sean Connery
minis
LX
0
0

Comments sign in to comment!

No comments posted yet!